 Dungeon Crawl Stone Soup version 0.23-a0-625-g1d2cd9b (webtiles) character file.

1945 ohad the Cleaver (level 9, -1/68 HPs)
             Began as a Hill Orc Gladiator on Dec 24, 2018.
             Was an Initiate of Makhleb.
             Slain by a killer bee (5 damage)
             ... on level 7 of the Dungeon.
             The game lasted 00:12:51 (5684 turns).

ohad the Cleaver (Hill Orc Gladiator)               Turns: 5684, Time: 00:12:52

Health: -1/68      AC: 14    Str: 21    XL:     9   Next: 18%
Magic:  9/9        EV:  9    Int:  8    God:    Makhleb [......]
Gold:   318        SH:  4    Dex: 15    Spells: 8/8 levels left

rFire    . . .     SeeInvis .   g - +0 battleaxe
rCold    . . .     Gourm    .   (shield currently unavailable)
rNeg     . . .     Faith    .   v - +0 chain mail
rPois    +         Spirit   .   c - +0 helmet
rElec    .         Reflect  +   K - +1 cloak
rCorr    .         Harm     .   N - +0 pair of gloves
MR       .....                  (no boots)
Stlth    ..........             m - +4 amulet of reflection
HPRegen  0.21/turn              e - ring of poison resistance
MPRegen  0.11/turn              w - +4 ring of strength

@: lethally poisoned (-1 -> -8)
A: no striking features
a: Renounce Religion


You were on level 7 of the Dungeon.
You worshipped Makhleb.
Makhleb was noncommittal.
You were not hungry.

You visited 2 branches of the dungeon, and saw 8 of its levels.

You collected 318 gold pieces.

Inventory:

Hand Weapons
 a - a +0 war axe
 g - a +0 battleaxe (weapon)
 J - a +3 quarterstaff of chaos
 O - a +0 blowgun
Missiles
 d - a throwing net (quivered)
 j - 13 javelins
 q - 26 bolts
 A - 31 poisoned needles
Armour
 b - a +0 leather armour
 c - a +0 helmet (worn)
 p - a +0 ring mail
 v - a +0 chain mail (worn)
 y - a +0 scale mail
 z - a +0 troll leather armour
 H - a +0 large shield
 K - a +1 cloak (worn)
 N - a +0 pair of gloves (worn)
Jewellery
 e - a ring of poison resistance (left hand)
 l - an uncursed ring of positive energy
 m - a +4 amulet of reflection (around neck)
 u - an uncursed ring of fire
 w - a +4 ring of strength (right hand)
 B - a +4 ring of strength
 C - a +2 ring of intelligence
Wands
 x - a wand of digging (7)
 D - a wand of random effects (21)
 I - a wand of enslavement (8)
 L - a wand of flame (27)
Scrolls
 h - 2 scrolls of teleportation {unknown}
 k - a scroll of blinking {unknown}
 n - a scroll of remove curse
 o - a scroll of enchant weapon {unknown}
 r - 8 scrolls of identify {unknown}
 s - 2 scrolls of amnesia {unknown}
 E - a scroll of random uselessness {unknown}
 G - a scroll of enchant armour {unknown}
Potions
 i - 4 potions of flight {unknown}
 F - a potion of lignification {unknown}
 M - 2 potions of haste {unknown}
Comestibles
 f - 12 rations
 P - 6 chunks of flesh


   Skills:
 - Level 2.4 Fighting
 + Level 13.5 Axes
 - Level 1.7 Throwing
 + Level 5.7 Armour
 - Level 2.4 Dodging


You had 8 spell levels left.
You didn't know any spells.
Your spell library was empty.

Dungeon Overview and Level Annotations

Branches:
Dungeon (7/15)             Temple (1/1) D:6

Altars:
Cheibriados
Elyvilon
Gozag
Kikubaaqudgha
Makhleb
Okawaru
Ru
Sif Muna
Trog
Uskayaw
Yredelemnul
The Shining One

Shops:
D:6 =


Message History

You feel sick. The killer bee stings you.
* * * LOW HITPOINT WARNING * * *
You are lethally poisoned!
The killer bee poisons you!
The killer bee stings you but does no damage.
You barely miss the killer bee.
The killer bee is moderately wounded.
* * * LOW HITPOINT WARNING * * *
You feel sick. The killer bee barely misses you.
You block the killer bee's attack.
You miss the killer bee.
The killer bee is moderately wounded.
* * * LOW HITPOINT WARNING * * *
You feel sick. The killer bee barely misses you. x2
Unknown command.
You slash the killer bee!
The killer bee is severely wounded.
* * * LOW HITPOINT WARNING * * *
You feel sick. The killer bee stings you.
You die...

#^.#≈...≈# #..###.###
#?.# #.# #..# #.#
##..###.###########
#........#.........
+(.y..y..'.........
#....#y###.........
........#@###†........
.......###)....÷.......
........#
#.............
........#
##............
#.......# #.##.........
#.......# #.########+##
######### #.## #.#
#........ ##..#######.#
#........ #........##.#


You could see 2 killer bees.

Vanquished Creatures
  A sky beast (D:6)
  A phantom (D:4)
  2 ogres (D:5)
  6 centaurs
  A big kobold (D:7)
  Blork the orc (D:4)
  2 bullfrogs
  A wyvern skeleton (D:7)
  2 scorpions
  2 killer bees (D:7)
  3 crimson imps
  A centaur zombie (D:7)
  A hound (D:7)
  A centaur skeleton (D:4)
  Crazy Yiuf (D:5)
  An orc priest (D:4)
  A bullfrog skeleton (D:7)
  Ijyb (D:3)
  Jessica (D:2)
  3 orc wizards
  2 worker ants
  5 adders
  4 shadow imps
  3 oozes
  2 worms
  A dart slug (D:1)
  3 leopard geckos
  8 orcs
  4 bats
  5 giant cockroaches
  9 goblins
  7 hobgoblins
  9 jackals
  2 quokkas
  4 ball pythons
  6 frilled lizards
  2 jackal skeletons (D:6)
  16 kobolds
  A leopard gecko zombie (D:5)
  A quokka skeleton (D:7)
  12 rats
139 creatures vanquished.

Vanquished Creatures (others)
  A wizard (D:3)
1 creature vanquished.

Grand Total: 140 creatures vanquished

Notes
Turn   | Place    | Note
-------+----------+-------------------------------------------
     0 | D:1      | ohad the Hill Orc Gladiator began the quest for the Orb.
     0 | D:1      | Reached XP level 1. HP: 18/18 MP: 1/1
    50 | D:1      | Reached XP level 2. HP: 15/25 MP: 2/2
   331 | D:1      | Reached skill level 5 in Axes
   461 | D:1      | Reached XP level 3. HP: 29/30 MP: 3/3
  1166 | D:2      | Reached skill level 6 in Axes
  1393 | D:2      | Reached XP level 4. HP: 20/37 MP: 4/4
  1609 | D:2      | Noticed Jessica
  1611 | D:2      | Killed Jessica
  1853 | D:2      | Reached skill level 7 in Axes
  2054 | D:3      | Found a basalt altar of Yredelemnul.
  2080 | D:3      | Reached XP level 5. HP: 41/42 MP: 5/5
  2123 | D:3      | Found a bloodstained altar of Trog.
  2124 | D:3      | Noticed a wizard
  2131 | D:3      | Killed a wizard
  2302 | D:3      | Noticed Ijyb
  2319 | D:3      | Killed Ijyb
  2454 | D:3      | Reached skill level 8 in Axes
  2483 | D:3      | Noticed a centaur
  2490 | D:3      | Killed a centaur
  2490 | D:3      | Reached skill level 1 in Armour
  2490 | D:3      | Reached XP level 6. HP: 27/50 MP: 6/6
  2863 | D:4      | Found an iron altar of Okawaru.
  2925 | D:4      | Noticed Blork the orc
  2931 | D:4      | Reached skill level 9 in Axes
  2938 | D:4      | Killed Blork the orc
  3073 | D:4      | Found an opulent altar of Gozag.
  3108 | D:4      | Noticed a phantom
  3132 | D:4      | Killed a phantom
  3132 | D:4      | Reached XP level 7. HP: 46/56 MP: 7/7
  3255 | D:4      | Found a white marble altar of Elyvilon.
  3327 | D:5      | Entered Level 5 of the Dungeon
  3346 | D:4      | Reached skill level 10 in Axes
  3983 | D:5      | Reached skill level 11 in Axes
  3983 | D:5      | Reached XP level 8. HP: 43/62 MP: 8/8
  4289 | D:5      | Found a runed door.
  4293 | D:5      | Noticed Crazy Yiuf
  4302 | D:5      | Killed Crazy Yiuf
  4571 | D:5      | Found a sacrificial altar of Ru.
  4862 | D:6      | Found a staircase to the Ecumenical Temple.
  4873 | D:6      | Reached skill level 12 in Axes
  4887 | Temple   | Entered the Ecumenical Temple
  4903 | Temple   | Became a worshipper of Makhleb the Destroyer
  4953 | D:6      | Found Rebryl's Jewellery Emporium.
  5147 | D:7      | Reached skill level 5 in Armour
  5311 | D:7      | Reached XP level 9. HP: 57/68 MP: 9/9
  5314 | D:7      | Reached skill level 13 in Axes
  5501 | D:7      | Found a snail-covered altar of Cheibriados.
  5614 | D:7      | Found an ancient bone altar of Kikubaaqudgha.
  5684 | D:7      | Slain by a killer bee

Vault maps used:
D:1:      shiori_shiawase
D:2:      uniq_jessica
D:3:      minmay_diamond_boxcup, old_standard_altar, trog_wizard, uniq_ijyb
D:4:      nicolae_overflow_hidden_temple, nicolae_gozag_seed_capital,
          okawaru_ov_weapons_minmay, uniq_blork_the_orc
D:5:      nicolae_ru_path_of_blood, first_ration, uniq_crazy_yiuf_cottage
D:6:      minmay_temple_entry_large_hall, serial_shops, shop
D:7:      cheibriados_altar_1, lemuel_zombie_altar_kikubaaqudgha,
          ebering_ghost_rock_garden, uniq_duvessa
Temple:   jpeg_temple_clearing

Skill      XL: |  1  2  3  4  5  6  7  8  9 |
---------------+----------------------------+-----
Axes           | 5 6 7 8 9 11 12 13 | 13.5
Armour         | 1 2 3 5 |  5.7
Fighting       | |  2.4
Throwing       | |  1.7
Dodging        | |  2.4

Action                   |  1- 3 |  4- 6 |  7- 9 || total
-------------------------+-------+-------+-------++-------
Melee: War axe           |   106 |   150 |    25 ||   281
       Battleaxe         |       |       |   186 ||   186
Throw: Throwing net      |       |       |     2 ||     2
  Use: Potion            |       |       |     6 ||     6
       Scroll            |       |       |     3 ||     3
 Stab: Sleeping          |     1 |       |       ||     1
  Eat: Chunk             |     2 |     5 |     5 ||    12
       Ration            |       |       |     1 ||     1
Armor: Leather armour    |    26 |       |       ||    26
       Ring mail         |    11 |     2 |       ||    13
       Chain mail        |       |    65 |   128 ||   193
Dodge: Dodged            |    67 |    63 |   104 ||   234
Block: Other             |       |    11 |    53 ||    64
       Reflection        |       |       |     3 ||     3

Table legend:
 A = Non-vault XP
 B = Vault XP
 C = Vault XP percentage of total XP
 D = Non-vault monster count
 E = Vault monster count
 F = Vault count percentage of total count
                 A         B        C        D         E       F
            +---------+---------+-------+---------+---------+-------
      Total |    2555 |     224 |   8.1 |     126 |      13 |   9.4
            +---------+---------+-------+---------+---------+-------
        D:1 |      50 |       0 |   0.0 |      27 |       0 |   0.0
        D:2 |      57 |      37 |  39.4 |      15 |       1 |   6.2
        D:3 |     194 |      57 |  22.7 |      28 |      10 |  26.3
        D:4 |     324 |      90 |  21.7 |       8 |       1 |  11.1
        D:5 |     562 |      40 |   6.6 |       8 |       1 |  11.1
        D:6 |     462 |       0 |   0.0 |      15 |       0 |   0.0
        D:7 |     906 |       0 |   0.0 |      25 |       0 |   0.0
            +---------+---------+-------+---------+---------+-------
